 Dungeon Crawl Stone Soup version v3.33-hellcrawl-189-gd9da4bb (webtiles) character file.

14619 Implojin the Grappler (level 13, -11/108 HPs)
             Began as a Mummy Chaos Knight on Oct 9, 2017.
             Killed from afar by Azrael (27 damage)
             ... with a fireball
             ... on level 14 of the Dungeon.
             The game lasted 01:02:06 (18254 turns).

Implojin the Grappler (Mummy Chaos Knight)         Turns: 18254, Time: 01:02:08

Health: -11/108    AC: 15 (39%)Str: 20  XL:     13   Next: 77%
Magic:  13/14      EV:  5    Int: 12    God:    Xom [...*..]
Gold:   1408       SH: 11    Dex: 13    Spells: 12/12 levels left

rFire    . . .     SeeInvis .   z - +3 dagger of the Candle {freeze, +Blink rF+ MR+}
rCold    + + .     Faith    .   Q - +0 shield
rNeg     + + +     Spirit   .   v - +0 plate armour
rPois    ∞         Reflect  .   D - +0 helmet
rElec    .                      N - +0 cloak
rCorr    .                      p - +0 pair of gloves
MR       +++..                  (no boots)
Stlth    ..........             V - amulet of regeneration
Regen    0.7/turn               m - ring of protection from magic
MPRegen  0.3/turn               P - ring "Nalum" {Ice rN++ Str+2}

@: very slightly contaminated
A: no food or potions, fire vulnerability, cold resistance 1, negative energy
resistance 3, torment resistance, unbreathing, in touch with death 1
a: Renounce Religion, Evoke Blink


You were on level 14 of the Dungeon.
You worshipped Xom.
You were a favourite toy of Xom.
You were not hungry.

You visited 1 branch of the dungeon, and saw 14 of its levels.

You collected 1408 gold pieces.

Inventory:

Hand Weapons
 g - a +2 dagger of venom
   (You took it off a goblin on level 1 of the Dungeon)
 t - a +3 rapier of freezing
   (You took it off Duvessa on level 4 of the Dungeon)
 x - the +3 dagger of a treasure trove {speed, rF+ Str+4}
   (You found it on level 5 of the Dungeon)

   Attacks with this weapon are significantly faster.
   It affects your strength (+4).
   It protects you from fire.
 z - the +3 dagger of the Candle (weapon) {freeze, +Blink rF+ MR+}
   (You found it on level 14 of the Dungeon)

   It has been specially enchanted to freeze those struck by it, causing extra
   injury to most foes and up to half again as much damage against particularly
   susceptible opponents.
   It can also slow down cold-blooded creatures.
   It protects you from fire.
   It affects your resistance to hostile enchantments.
   It lets you blink.
 B - a +2 vampiric spear
   (You found it on level 7 of the Dungeon)
 G - a +4 scimitar of flaming
   (You took it off Erica on level 8 of the Dungeon)
 L - a +0 double sword of slicing
   (You took it off a tengu warrior on level 13 of the Dungeon)
 M - a +2 quarterstaff of protection
   (You took it off Joseph on level 10 of the Dungeon)
 W - a +2 double sword
Missiles
 d - 4836 stones
 f - 2173 arrows
 j - 633 bolts
 y - 109 tomahawks
 E - 166 javelins (quivered)
 U - 112 poisoned darts
Armour
 o - a +2 chain mail of poison resistance
   (You took it off a meliai on level 14 of the Dungeon)
 p - a +0 pair of gloves (worn)
 v - a +0 plate armour (worn)
 D - a +0 helmet (worn)
 K - a +2 robe of resistance
   (You took it off Erolcha on level 12 of the Dungeon)
 N - a +0 cloak (worn)
 Q - a +0 shield (worn)
 R - a +0 scale mail of fire resistance
   (You found it on level 10 of the Dungeon)
 S - a +0 scale mail of cold resistance
   (You found it on level 10 of the Dungeon)
 T - +0 steam dragon scales
Magical Staves
 s - an uncursed staff of summoning
 I - an uncursed staff of cold
 Z - an uncursed staff of earth
Jewellery
 h - a +3 ring of intelligence
   (You found it on level 1 of the Dungeon)
 l - an uncursed ring of ice
   (You found it on level 2 of the Dungeon)
 m - a ring of protection from magic (left hand)
   (You found it on level 2 of the Dungeon)
 q - an uncursed ring of protection from magic
   (You took it off a gnoll on level 3 of the Dungeon)
 r - an uncursed ring of wizardry
   (You found it on level 3 of the Dungeon)
 P - the ring "Nalum" (right hand) {Ice rN++ Str+2}
   (You took it off Sonja on level 10 of the Dungeon)

   [ring of ice]

   It enhances your ice magic.
   It affects your strength (+2).
   It protects you from cold.
   It greatly protects you from negative energy.
 V - an amulet of regeneration (around neck)
   (You found it on level 11 of the Dungeon)
Wands
 u - a wand of flame (4)
 H - a wand of polymorph (3)
 J - a wand of confusion (4)
 O - a wand of lightning (4)
 Y - a wand of paralysis (2)
Scrolls
 c - 4 scrolls of immolation
 i - 2 scrolls of noise
 w - 2 scrolls of enchant weapon
 A - 5 scrolls of magic mapping
 C - a scroll of brand weapon


   Skills:
 - Level 12.0 Fighting
 - Level 4.0 Throwing
 - Level 4.2 Armour
 - Level 0.7 Dodging
 - Level 8.1 Shields
 - Level 13.8 Unarmed Combat
 - Level 1.2 Invocations
 * Level 2.4 Evocations


You had 12 spell levels left.
You didn't know any spells.

Dungeon Overview and Level Annotations

Branches:
Dungeon (14/15)

Altars:
Cheibriados
Dithmenos
Elyvilon
Gozag
Hepliaklqana
Kikubaaqudgha
Makhleb
Nemelex Xobeh
Okawaru
Qazlal
Ru
Sif Muna
Trog
Uskayaw
Vehumet
Xom
Yredelemnul
Zin
The Shining One

Annotations:
D:14 Azrael


Innate Abilities, Weirdness & Mutations

You do not eat or drink.
Your flesh is vulnerable to fire.
You are immune to poison.
Your flesh is cold resistant. (rC+)
You are immune to negative energy. (rN+++)
You are immune to unholy pain and torment.
You can survive without breathing.
You are in touch with the powers of death.


Message History

* * * LOW HITPOINT WARNING * * *
Something hits you but does no damage.
Unknown command.
Something hits you but does no damage.
The purple ugly thing gores you but does no damage.
Unknown command.
Something hits you but does no damage.
Unknown command.
Something hits you but does no damage.
Unknown command.
Something hits you (1).
* * * LOW HITPOINT WARNING * * *
The purple ugly thing basks in the mutagenic energy from its kin and changes!
Unknown command.
The purple ugly thing basks in the mutagenic energy from its kin and changes!
Unknown command.
Unknown command.
Evoke which item? (* to show all) (? for menu, Esc to quit)
Aiming: Paralyse
Press: ? - help, Shift-Dir - straight line, f - cyan ugly thing
Aim: a cyan ugly thing (almost dead, chance to defeat MR: 35%)
The cyan ugly thing easily resists.
This wand has 2 charges left.
The cyan ugly thing basks in the mutagenic energy from its kin and changes!
Unknown command.
The cyan ugly thing bites you (10)!
* * * LOW HITPOINT WARNING * * *
The cyan ugly thing shocks you (16)!
* * * LOW HITPOINT WARNING * * *
Unknown command.
Okay, then.
Enter note: :well i screwed this up Blink to where?
Press: ? - help, Dir - move target cursor, p - white ugly thing You are very lightly contaminated with residual magic.
As you read the scroll of blinking, it crumbles to dust.
As you read the scroll of teleportation, it crumbles to dust.
You feel strangely unstable.
Something hits you but does no damage. x2
Unknown command.
Unknown command.
Unknown command.
Something hits you (1).
* * * LOW HITPOINT WARNING * * *
The green ugly thing basks in the mutagenic energy from its kin and changes!
Unknown command.
You closely miss something. You block something's attack.
Unknown command.
Something hits you but does no damage.
Unknown command.
Unknown command.
Your surroundings suddenly seem different.
Xom roars with laughter!
Unknown command.
The white ugly thing engulfs you (5).
* * * LOW HITPOINT WARNING * * *
The white ugly thing freezes you (7)! You resist.
* * * LOW HITPOINT WARNING * * *
A manticore comes into view.
Unknown command.
Okay, then.
Evoke which item? (* to show all) (? for menu, Esc to quit)
Okay, then.
Unknown command. "Serve the mortal, my child!"
Unknown command.
Okay, then.
Evoke which item? (* to show all) (? for menu, Esc to quit)
Aiming: Confuse
Press: ? - help, Shift-Dir - straight line, f - white ugly thing
Aim: a white ugly thing (chance to defeat MR: 35%)
Okay, then.
Evoke which item? (* to show all) (? for menu, Esc to quit)
Aiming: Paralyse
Press: ? - help, Shift-Dir - straight line, f - white ugly thing
Aim: a white ugly thing (chance to defeat MR: 35%)
Okay, then.
Unknown command.
Enter note: :should have listened to gut and taken > earlier Unknown command.
Enter note: :its game Wield which item (- for none, * to show all)? (? for menu, Esc to quit)
The +3 dagger of the Candle {freeze, +Blink rF+ MR+} glows with a cold blue light!
z - the +3 dagger of the Candle (weapon)
{freeze, +Blink rF+ MR+} You blink.
Xom's power touches on your mind for a moment.
The white ugly thing looks rather confused.
The green ugly thing looks rather confused.
Something headbutts your white imp (11)!
Your white imp dies!
You hear a distant slurping noise.
Okay, then.
Okay, then.
Okay, then.
You blink.
Azrael gestures at you.
The fireball explodes!
The fireball engulfs you!
That hurt (27)!
You die...
Xom cackles wildly!

...........# ##### ####
...........###...# #..#
.................# #..#
....(u...........### #..#
...................# #..####
...#######.........# #####......
...#.....#..§......####..........
...#.....##..................####
...#......#.....@............♣.##
...#......#.................♣♣♣..
...#......#.R###'###......♣..♣..♣
...#......#.§#.....#.....♣♣♣...♣♣
...#####..#..'.....#...♣..♣..♣..♣
.......##'#§§#.....#..♣♣♣...♣♣♣..
...))........#######...♣..♣..♣..♣
...)))...................♣♣♣...♣♣
####..........#######..♣..♣..♣..♣


You could see Azrael.

Vanquished Creatures
  Erolcha (D:12)
  Josephine (D:12)
  2 centaur warriors (D:13)
  Erica (D:8)
  2 two-headed ogres
  Urug (D:14)
  A tengu warrior (D:13)
  Sonja (D:10)
  An unseen horror (D:14)
  An orc sorcerer (D:12)
  A deep elf mage (D:14)
  5 ugly things
  2 cyclopes (D:14)
  An apocalypse crab (D:13)
  A torpor snail (D:13)
  Joseph (D:10)
  2 meliai (D:14)
  3 gargoyles
  Psyche (D:12)
  A guardian serpent (shapeshifter) (D:13)
  2 spiny frogs
  An efreet (D:14)
  4 trolls
  A meliai (shapeshifter) (D:11)
  A troll (shapeshifter) (D:14)
  2 blink frogs (D:13)
  5 slime creatures (D:13)
  A black mamba zombie (D:9)
  A meliai zombie (D:9)
  2 shadows
  A fire elemental (D:14)
  6 yaks
  A wyvern (D:12)
  2 vampires
  3 wraiths (D:12)
  2 steam dragons
  A black mamba skeleton (D:11)
  2 acid dragons
  2 water moccasins
  Duvessa (D:4)
  A hell hound (D:14)
  A spiny frog zombie (D:10)
  A swamp drake (D:14)
  7 ice beasts
  2 orc warriors
  A spiny frog skeleton (D:8)
  2 black bears
  3 wasps
  3 blink frog zombies
  5 ogres
  8 centaurs
  3 rime drake skeletons
  5 bullfrogs
  2 wyvern zombies (D:9)
  Dowan (D:4)
  5 scorpions
  3 wyvern skeletons
  6 killer bees (D:7)
  3 crimson imps
  5 wights (D:11)
  7 howler monkeys
  4 centaur zombies
  2 quasits
  2 orc priests
  A hound (D:4)
  2 jellies
  5 centaur skeletons
  2 orc wizards (D:7)
  A hell rat (D:13)
  5 worker ants
  4 hound skeletons
  A howler monkey zombie (D:5)
  4 gnolls (D:3)
  A howler monkey skeleton (D:5)
  5 adders
  A shadow imp (D:7)
  2 oozes
  An adder skeleton (D:4)
  4 dart slugs
  38 orcs
  8 quokkas
  2 giant cockroaches
  6 goblins
  2 hobgoblins (D:2)
  6 jackals
  2 kobolds
  2 ball pythons
  2 bats
  4 frilled lizards
  3 rats
267 creatures vanquished.

Vanquished Creatures (collateral kills)
  An ugly thing (D:13)
  2 slime creatures (D:13)
  A meliai (D:14)
  A spiny frog (D:13)
  A tengu conjurer (D:13)
  2 centaurs (D:14)
  A blink frog (D:13)
  A vampire (D:13)
  2 yaks (D:9)
  An acid dragon (D:10)
  2 orc warriors
  A blink frog zombie (D:13)
  A centaur zombie (D:5)
  An orc priest (D:10)
  3 orcs (D:10)
  A fungus (D:13)
22 creatures vanquished.

Vanquished Creatures (others)
  An orc high priest (D:13)
  A meliai (D:14)
  A plant (D:13)
3 creatures vanquished.

Grand Total: 292 creatures vanquished

Notes
Turn   | Place    | Note
-------+----------+-------------------------------------------
     0 | D:1      | Implojin the Mummy Chaos Knight began the quest for the Orb.
     0 | D:1      | Reached XP level 1. HP: 18/18 MP: 1/1
   192 | D:1      | XOM: silly message
   351 | D:1      | Reached XP level 2. HP: 24/24 MP: 2/2
   397 | D:1      | XOM: summons 1 hostile demon
   456 | D:1      | Reached skill level 3 in Unarmed Combat
   610 | D:1      | XOM: summons 1 hostile demon
   698 | D:1      | XOM: god gift: 2 potions of augmentation {god gift}
   734 | D:2      | Noticed an orc warrior
   908 | D:2      | Found a sacrificial altar of Ru.
   916 | D:2      | XOM: harmless Fire miscast
   945 | D:2      | Found a hazy altar of Hepliaklqana.
  1025 | D:2      | Found a glowing golden altar of the Shining One.
  1046 | D:2      | Reached XP level 3. HP: 29/29 MP: 3/3
  1398 | D:2      | XOM: noise
  1879 | D:3      | XOM: enchant monster (bad)
  1883 | D:3      | XOM: noise
  1892 | D:3      | Reached skill level 4 in Unarmed Combat
  1923 | D:3      | Noticed a scorpion
  1938 | D:3      | Killed a scorpion
  1938 | D:3      | Reached XP level 4. HP: 25/35 MP: 4/4
  1959 | D:3      | XOM: noise
  1960 | D:3      | XOM: god gift: +0 ring mail {god gift}
  1961 | D:3      | Noticed a dagger
  1964 | D:3      | Noticed a hand axe
  1975 | D:3      | Found a hide-covered altar of Uskayaw.
  2135 | D:3      | Found a faded altar of an unknown god.
  2146 | D:3      | XOM: cast spell 'Cause Fear'
  2280 | D:3      | XOM is BORED!
  2280 | D:3      | XOM: noise
  2290 | D:3      | Reached XP level 5. HP: 24/41 MP: 5/5
  2515 | D:3      | Reached skill level 5 in Unarmed Combat
  2819 | D:3      | XOM: scenery: create altars
  2827 | D:3      | Found a deep blue altar of Sif Muna.
  3076 | D:4      | Found a burning altar of Makhleb.
  3105 | D:4      | Noticed Duvessa
  3137 | D:4      | Killed Duvessa
  3137 | D:4      | Reached XP level 6. HP: 20/47 MP: 6/6
  3321 | D:4      | XOM: potion effect (invisibility)
  3407 | D:4      | Reached skill level 6 in Unarmed Combat
  3423 | D:4      | Noticed Dowan
  3436 | D:4      | XOM: divination: detect creatures
  3439 | D:4      | Killed Dowan
  3439 | D:4      | Reached XP level 7. HP: 19/52 MP: 7/7
  3672 | D:4      | XOM: god gift: potion of curing {god gift}
  3708 | D:4      | XOM: 3-stop teleportation journey
  3754 | D:4      | Found an iron altar of Okawaru.
  3811 | D:4      | Found a glowing silver altar of Zin.
  3962 | D:4      | Found a radiant altar of Vehumet.
  4041 | D:5      | Entered Level 5 of the Dungeon
  4058 | D:5      | Found a basalt altar of Yredelemnul.
  4061 | D:5      | XOM: scenery: create altars
  4062 | D:5      | XOM: god gift: 22 gold pieces {god gift}
  4114 | D:5      | Reached skill level 7 in Unarmed Combat
  4210 | D:5      | XOM: cast spell 'Confusing Touch'
  4211 | D:5      | Got the +3 dagger of a treasure trove {speed, rF+ Str+4}
  4220 | D:5      | XOM: cleaving
  4337 | D:5      | Found a shadowy altar of Dithmenos.
  4344 | D:5      | XOM is BORED!
  4484 | D:5      | XOM: scenery: create altars
  4496 | D:5      | XOM: cleaving
  4498 | D:5      | XOM: summons 7 friendly demons
  4519 | D:5      | Reached skill level 8 in Unarmed Combat
  4533 | D:5      | Reached XP level 8. HP: 44/58 MP: 8/8
  4779 | D:5      | Found an ancient bone altar of Kikubaaqudgha.
  4948 | D:6      | XOM: polymorph howler monkey -> ooze
  4952 | D:6      | Found a stormy altar of Qazlal.
  5206 | D:6      | Reached skill level 9 in Unarmed Combat
  5379 | D:6      | XOM: 7-stop teleportation journey
  5704 | D:7      | XOM: potion effect (augmentation)
  5708 | D:7      | XOM: potion effect (invisibility)
  5717 | D:7      | XOM: potion effect (augmentation)
  5721 | D:7      | HP: 13/58 [killer bee (6)]
  5722 | D:7      | HP: 6/58 [killer bee (7)]
  5751 | D:7      | Found a sparkling altar of Nemelex Xobeh.
  6011 | D:7      | Found a shimmering altar of Xom.
  6047 | D:7      | Reached skill level 10 in Unarmed Combat
  6057 | D:7      | Noticed a troll
  6076 | D:7      | Reached XP level 9. HP: 53/63 MP: 9/9
  6112 | D:7      | XOM: harmless Necr miscast
  6113 | D:7      | XOM: potion effect (heal wounds)
  6118 | D:7      | XOM: potion effect (invisibility)
  6127 | D:7      | HP: 7/63 [troll (9)]
  6191 | D:7      | XOM: divination: detect items
  6399 | D:7      | XOM: harmless Air miscast
  6658 | D:7      | Found a basalt altar of Yredelemnul.
  6701 | D:7      | Found a snail-covered altar of Cheibriados.
  7023 | D:7      | Found a bloodstained altar of Trog.
  7200 | D:7      | XOM: divination: detect items
  7368 | D:7      | Found a white marble altar of Elyvilon.
  7426 | D:7      | XOM: harmless Erth miscast
  7432 | D:7      | XOM: cloud trail
  7671 | D:7      | Found an opulent altar of Gozag.
  7776 | D:7      | XOM: mild Fire miscast
  7840 | D:7      | XOM: potion effect (augmentation)
  7843 | D:7      | Killed a troll
  7843 | D:7      | Reached skill level 11 in Unarmed Combat
  7948 | D:7      | XOM: divination: detect items
  8050 | D:7      | HP: 15/64 [orc warrior/+0 trident (13)]
  8056 | D:7      | HP: 10/64 [orc warrior/stone (6)]
  8103 | D:7      | HP: 11/64 [orc warrior/stone (9)]
  8172 | D:8      | XOM: divination: magic mapping
  8269 | D:8      | XOM: divination: magic mapping
  8434 | D:8      | Noticed a two-headed ogre
  8476 | D:8      | Killed a two-headed ogre
  8476 | D:8      | Reached skill level 6 in Fighting
  8527 | D:8      | XOM: harmless Tloc miscast
  8879 | D:8      | XOM: swap monsters
  9055 | D:8      | Reached skill level 7 in Fighting
  9108 | D:8      | Noticed Erica
  9190 | D:8      | XOM: potion effect (haste)
  9207 | D:8      | Killed Erica
  9207 | D:8      | Reached skill level 8 in Fighting
  9207 | D:8      | Reached XP level 10. HP: 58/80 MP: 10/10
  9251 | D:8      | XOM: cloud trail
  9394 | D:8      | XOM: medium Air miscast
  9748 | D:9      | XOM: cast spell 'Summon Hydra'
  9755 | D:9      | Reached skill level 9 in Fighting
  9771 | D:9      | XOM: 5-stop teleportation journey
 10050 | D:9      | XOM: noise
 10056 | D:9      | XOM: god gift: staff of cold {god gift}
 10066 | D:9      | XOM: swap monsters
 10067 | D:9      | XOM: harmless Air miscast
 10090 | D:9      | XOM: blink monster(s)
 10098 | D:9      | HP: 15/83 [orc warrior/+0 mace (7)]
 10103 | D:9      | HP: 11/83 [orc warrior/+0 mace (5)]
 10110 | D:9      | HP: 11/83 [orc (2)]
 10166 | D:9      | XOM: scenery: 2 doors open, 2 doors close
 10529 | D:9      | XOM: confusion (+ monsters)
 10533 | D:9      | XOM: severe Tloc miscast
 10646 | D:9      | XOM: noise
 10870 | D:9      | Reached skill level 10 in Fighting
 10879 | D:9      | XOM: cleaving
 10883 | D:9      | XOM: enchant monster (bad)
 11125 | D:10     | Entered Level 10 of the Dungeon
 11143 | D:10     | Noticed a two-headed ogre
 11154 | D:10     | Killed a two-headed ogre
 11154 | D:10     | Reached skill level 11 in Fighting
 11166 | D:10     | Noticed Sonja
 11169 | D:10     | Noticed Joseph
 11284 | D:10     | Killed Sonja
 11284 | D:10     | Reached XP level 11. HP: 78/93 MP: 11/11
 11286 | D:10     | HP: 22/93 [orc priest/divine providence (11)]
 11287 | D:10     | HP: 10/93 [acid (10)]
 11298 | D:10     | HP: 9/93 [orc priest (4)]
 11338 | D:10     | HP: 14/94 [spiny frog zombie (5)]
 11401 | D:10     | Killed Joseph
 11729 | D:10     | Got the ring "Nalum" {Ice rN++ Str+2}
 11802 | D:10     | XOM: harmless Ice miscast
 11863 | D:10     | XOM: summons friendly white imp
 11881 | D:10     | Reached skill level 12 in Fighting
 12144 | D:10     | Reached skill level 1 in Shields
 12280 | D:10     | XOM: harmless Summ miscast
 12332 | D:10     | Reached skill level 2 in Shields
 12476 | D:10     | XOM: cast spell 'Summon Butterflies'
 12508 | D:10     | XOM: harmless Tmut miscast
 12530 | D:10     | XOM: noise
 12719 | D:10     | Got the Compendium of Cloudy Augmentations
 12979 | D:11     | XOM: god gift: 33 stones {god gift}
 13048 | D:11     | Reached skill level 3 in Shields
 13153 | D:11     | XOM: potion effect (experience)
 13153 | D:11     | Reached skill level 8 in Shields
 13153 | D:11     | Reached XP level 12. HP: 79/102 MP: 12/12
 13159 | D:11     | XOM: divination: magic mapping
 13165 | D:11     | HP: 23/102 [gargoyle/stone arrow (22)]
 13170 | D:11     | HP: 5/102 [gargoyle/stone arrow (13)]
 13189 | D:11     | HP: 12/102 [wight/+0 rapier (5)]
 13191 | D:11     | HP: 4/102 [wight/+1 halberd of freezing (9)]
 13230 | D:11     | Reached skill level 2 in Armour
 13366 | D:11     | XOM: noise
 13380 | D:11     | XOM: noise
 13388 | D:11     | HP: 23/102 [gargoyle/stone arrow (27)]
 13438 | D:11     | XOM: 1-stop teleportation journey
 13612 | D:11     | Reached skill level 3 in Armour
 13620 | D:11     | XOM: harmless Conj miscast
 13742 | D:11     | XOM: polymorph yak -> shapeshifter
 14254 | D:12     | Reached skill level 4 in Armour
 14338 | D:12     | XOM: harmless Hex miscast
 14409 | D:12     | Reached skill level 1 in Throwing
 14433 | D:12     | XOM: stat loss: -1 Str (19/20)
 14488 | D:12     | Noticed Erolcha
 14513 | D:12     | Reached skill level 2 in Throwing
 14530 | D:12     | Killed Erolcha
 14532 | D:12     | XOM: mild Hex miscast
 14633 | D:12     | Noticed Psyche
 14640 | D:12     | Killed Psyche
 14675 | D:12     | Noticed Josephine
 14681 | D:12     | Killed Josephine
 14681 | D:12     | Reached skill level 3 in Throwing
 14733 | D:12     | XOM: 2-stop teleportation journey
 14779 | D:12     | XOM: smoke on damage
 14785 | D:12     | Reached skill level 4 in Throwing
 14966 | D:12     | XOM: harmless Erth miscast
 15068 | D:12     | XOM: noise
 15315 | D:13     | Noticed a centaur warrior
 15334 | D:13     | XOM: summons 2 hostile demons
 15335 | D:13     | XOM: harmless Tmut miscast
 15336 | D:13     | Killed a centaur warrior
 15336 | D:13     | Gained mutation: You are in touch with the powers of death. [Mummy growth]
 15336 | D:13     | Reached XP level 13. HP: 83/108 MP: 13/13
 15448 | D:13     | Reached skill level 12 in Unarmed Combat
 15449 | D:13     | XOM: 1-stop teleportation journey
 15503 | D:13     | XOM: cloud trail
 15533 | D:13     | XOM: cast spell 'Discord'
 15565 | D:13     | XOM: polymorph centaur -> hell rat
 15567 | D:13     | XOM: silly message
 15667 | D:13     | Noticed Nessos
 15669 | D:13     | Noticed Nessos
 15669 | D:13     | Nessos changed into Nessos the torpor snail
 15689 | D:13     | XOM: divination: detect creatures
 15702 | D:13     | XOM: enchant monster (good)
 15738 | D:13     | Killed Nessos the torpor snail
 15782 | D:13     | XOM: god gift: 15 gold pieces {god gift}
 15792 | D:13     | XOM: 4-stop teleportation journey
 15833 | D:13     | XOM: cast spell 'Summon Horrible Things'
 16111 | D:13     | XOM: cast spell 'Summon Mana Viper'
 16307 | D:13     | Reached skill level 13 in Unarmed Combat
 16448 | D:13     | XOM: polymorph cyclops -> guardian serpent
 16464 | D:13     | XOM: god gift: 37 gold pieces {god gift}
 16522 | D:13     | XOM: 1-stop teleportation journey
 16727 | D:14     | XOM: 4-stop teleportation journey
 16927 | D:14     | XOM: potion effect (haste)
 16941 | D:14     | Noticed Azrael
 16949 | D:14     | XOM: scenery: 1 doors open
 16949 | D:14     | Noticed Urug
 16955 | D:14     | XOM: fake destruction
 16955 | D:14     | HP: 24/108 [fire elemental[Azrael] (18)]
 17166 | D:14     | :asdfghj
 17176 | D:14     | XOM: summons 3 friendly demons
 17182 | D:14     | XOM: polymorph quasit -> crimson imp
 17184 | D:14     | HP: 24/108 [Urug/+4 scimitar (25)]
 17276 | D:14     | XOM: mild Erth miscast
 17281 | D:14     | XOM: summons friendly shadow imp
 17287 | D:14     | Killed Urug
 17434 | D:14     | XOM: harmless Hex miscast
 17609 | D:14     | XOM: confuse monster(s)
 17712 | D:14     | Found an opulent altar of Gozag.
 17758 | D:14     | Reached skill level 1 in Invocations
 17758 | D:14     | XOM: polymorph electric eel -> swamp drake
 17759 | D:14     | :oops
 17784 | D:14     | XOM: mild Pois miscast
 17937 | D:14     | Reached skill level 1 in Evocations
 17946 | D:14     | Got the +3 dagger of the Candle {freeze, +Blink rF+ MR+}
 18031 | D:14     | Found a deep blue altar of Sif Muna.
 18144 | D:14     | Reached skill level 2 in Evocations
 18155 | D:14     | XOM: confuse monster(s)
 18172 | D:14     | XOM: enchant monster (good)
 18181 | D:14     | XOM: cast spell 'Summon Ice Beast'
 18199 | D:14     | XOM: cleaving
 18229 | D:14     | HP: 13/108 [cyan ugly thing (16)]
 18230 | D:14     | :well i screwed this up
 18237 | D:14     | HP: 12/108 [white ugly thing (5)]
 18237 | D:14     | HP: 5/108 [white ugly thing (7)]
 18239 | D:14     | XOM: summons friendly white imp
 18240 | D:14     | :should have listened to gut and taken > earlier
 18240 | D:14     | :its game
 18241 | D:14     | XOM: confuse monster(s)
 18254 | D:14     | Killed from afar by Azrael

Skill      XL: |  1  2  3  4  5  6  7  8  9 10 11 12 13 |
---------------+----------------------------------------+-----
Unarmed Combat | 3 4 5 6 8 10 11 13 | 13.8
Fighting       | 8 11 12 | 12.0
Shields        | 8 |  8.1
Armour         | 4 |  4.2
Throwing       | 4 |  4.0
Invocations    | 1 |  1.2
Evocations     | 2 |  2.4
Dodging        | |  0.7

Action                   |  1- 3 |  4- 6 |  7- 9 | 10-12 | 13-15 || total
-------------------------+-------+-------+-------+-------+-------++-------
Melee: Unarmed           |    16 |       |   389 |   551 |   318 ||  1274
       Dagger            |    78 |    92 |    94 |     2 |       ||   266
       Punch             |     3 |     3 |    12 |     7 |       ||    25
Throw: Stone             |     1 |       |       |       |       ||     1
       Javelin           |       |       |       |     9 |       ||     9
       Curare dart       |       |       |       |     3 |       ||     3
 Abil: Evoke Blink       |       |       |       |       |     2 ||     2
Evoke: Wand              |       |       |     7 |    28 |    27 ||    62
  Use: Scroll            |       |       |     5 |     3 |     6 ||    14
 Stab: Invisible         |       |     1 |     2 |       |       ||     3
       Distracted        |       |       |     2 |       |     2 ||     4
       Confused          |       |       |     1 |       |     2 ||     3
       Paralysed         |       |       |       |    12 |     5 ||    17
       Betrayed ally     |       |       |       |       |     1 ||     1
Armor: Leather armour    |    13 |       |       |       |       ||    13
       Chain mail        |    17 |    29 |       |       |       ||    46
       Plate armour      |       |    25 |   308 |   249 |   130 ||   712
       Scale mail        |       |       |       |     5 |       ||     5
Dodge: Dodged            |    47 |    30 |    98 |    92 |    55 ||   322
Block: Shield            |       |       |       |   129 |   114 ||   243

Vault maps used:
D:1:      minmay_arrival_radiant_lines
D:2:      overflow_temple_1_default, lemuel_crystal_altar,
          nicolae_tso_carved_into_rock, st_stairs_5, lightli_corner_chamber
D:3:      dancing_weapons_uskayaw, old_standard_altar,
          chequers_ecumenical_altar_lobes
D:4:      lemuel_round_altar, vehumet_crystals, lemuel_coloured_pillars_altar,
          lemuel_doored_altar, st_stairs_12, uniq_duvessa
D:5:      old_standard_altar, kennysheep_mini,
          grunt_dithmenos_smoke_and_mirrors, st_stairs_11
D:6:      lemuel_crystal_altar
D:7:      nicolae_gozag_seed_capital, nemelex_altar_shiori,
          lemuel_crystal_altar, overflow_temple_1_default,
          kennysheep_little_box, kennysheep_mini_moat, yredelemnul_altar_generic
D:8:      uniq_erica
D:10:     uniq_sonja, uniq_joseph
D:12:     uniq_josephine, uniq_erolcha, uniq_psyche
D:13:     uniq_nessos
D:14:     kennysheep_windowed_halls, lemuel_blue_sif_altar, basic_altar,
          corexii_corridor_pit, serial_bayou_ford_a, kennysheep_doodads,
          uniq_azrael, uniq_urug

Table legend:
 A = Turns spent in this place as a percentage of turns spent in the entire game.
 B = Non-inter-level travel turns spent in this place as a percentage of non-inter-level travel turns spent in the entire game.
 C = Inter-level travel turns spent in this place as a percentage of turns spent in this place.
 D = Turns resting spent in this place as a percentage of non-inter-level travel turns spent in this place.
 E = Turns spent auto-exploring this place as a percentage of non-inter-level travel turns spent in this place.
 F = Non-inter-level travel turns spent in this place divided by the number of levels of this place that you've seen.
                   A       B       C       D       E      F
               +-------+-------+-------+-------+-------+----------------------
         Total | 100.0 | 100.0 |   0.3 |   3.6 |   6.5 | 447.2
       Dungeon | 100.0 | 100.0 |   0.3 |   3.6 |   6.5 | 447.2
               +-------+-------+-------+-------+-------+----------------------

Table legend:
 A = Kills in this place as a percentage of kills in entire the game.
 B = Kills by you in this place as a percentage of kills by you in the entire game.
 C = Kills by friends in this place as a percentage of kills by friends in the entire game.
 D = Other kills in this place as a percentage of other kills in the entire game.
 E = Experience gained in this place as a percentage of experience gained in the entire game.
 F = Experience gained in this place divided by the number of levels of this place that you have seen.
                   A       B       C       D       E      F
               +-------+-------+-------+-------+-------+----------------------
         Total | 100.0 | 100.0 | 100.0 | 100.0 | 100.0 | 3263.5
       Dungeon | 100.0 | 100.0 | 100.0 | 100.0 | 100.0 | 3263.5
               +-------+-------+-------+-------+-------+----------------------
